 Dungeon Crawl Stone Soup version 0.26.1-11-gd32895ea62 (webtiles) character file.

Game seed: 14370909138795217052

24759 Zeld the Basher (level 12, -11/106 HPs)
             Began as a Grey Draconian Gladiator on June 14, 2021.
             Was an Elder of Qazlal.
             Mangled by Rupert
             ... wielding a +5 vorpal executioner's axe
              (16 damage)
             ... while paralysed by Rupert
             ... on level 14 of the Dungeon.
             The game lasted 00:24:59 (21870 turns).

Zeld the Basher (Grey Draconian Gladiator)         Turns: 21870, Time: 00:25:01

Health: -11/106    AC: 20    Str: 21    XL:     12   Next: 83%
Magic:  12/12      EV:  2    Int:  9    God:    Qazlal [****..]
Gold:   144        SH:  0    Dex: 13    Spells: 3/11 levels left

rFire    . . .     SeeInvis .   a - +9 whip (flame)
rCold    . . .     Faith    .   (no shield)
rNeg     . . .     Spirit   .   (armour unavailable)
rPois    .         Reflect  .   v - +1 hat
rElec    .         Harm     .   d - scarf {shadows}
rCorr    .         Rampage  .   F - +2 pair of gloves
Will     .....                  i - +2 pair of boots
Stlth    +.........             (no amulet)
HPRegen  0.27/turn              (no ring)
MPRegen  0.13/turn              (no ring)

@: paralysed, repel missiles
A: walk through water, unfitting armour, unbreathing, cold-blooded, AC +13
a: Renounce Religion, Upheaval, Elemental Force


You were on level 14 of the Dungeon.
You worshipped Qazlal.
Qazlal was greatly pleased with you.
You visited 3 branches of the dungeon, and saw 16 of its levels.
You also visited: Sewer and Ossuary.

You collected 1230 gold pieces.
You spent 1086 gold pieces at shops.

Inventory:

Hand Weapons
 a - a +9 whip of flaming (weapon)
 K - a +0 vorpal whip
Missiles
 c - 4 throwing nets (quivered)
 e - 36 poisoned darts
 f - 230 stones
 u - 17 boomerangs
 x - 9 javelins
Armour
 d - a scarf of shadows (worn)
 i - a +2 pair of boots (worn)
 v - a +1 hat (worn)
 F - a +2 pair of gloves (worn)
Jewellery
 l - an uncursed ring of protection from cold
Wands
 q - a wand of enslavement (7)
 B - a wand of polymorph (22)
 E - a wand of flame (43)
Scrolls
 h - 2 scrolls of blinking
 j - 14 scrolls of remove curse
 k - 12 scrolls of teleportation
 H - a scroll of magic mapping
 O - a scroll of fear
Potions
 b - 2 potions of cancellation {unknown}
 g - 4 potions of degeneration {unknown}
 m - 7 potions of heal wounds {unknown}
 n - 4 potions of resistance {unknown}
 o - a potion of haste {unknown}
 p - 12 potions of curing {unknown}
 r - a potion of magic {unknown}
 s - 4 potions of flight {unknown}
 t - 3 potions of brilliance {unknown}
 w - a potion of lignification {unknown}
 z - a potion of might {unknown}
 A - a potion of ambrosia {unknown}
 C - 3 potions of attraction {unknown}
 D - a potion of invisibility {unknown}
Miscellaneous
 I - a box of beasts (inert)
 L - a condenser vane


   Skills:
 + Level 10.1 Fighting
 * Level 12.7 Maces & Flails
 * Level 11.7 Throwing
 + Level 8.7 Dodging


You had 3 spell levels left.
You knew the following spells:

 Your Spells              Type           Power        Failure   Level
a - Blink                 Tloc           N/A          52%         2
b - Gell's Gravitas       Tloc           0%           77%         3
c - Lesser Beckoning      Tloc           0%           77%         3

Your spell library contained the following spells:

 Spells                   Type           Power        Failure   Level
 Animate Skeleton         Necr           0%           38%         1
 Apportation              Tloc           0%           38%         1
 Beastly Appendage        Tmut           0%           38%         1
 Corona                   Hex            0%           38%         1
 Sandblast                Erth           0%           38%         1
 Summon Small Mammal      Summ           0%           38%         1
 Passwall                 Tmut/Erth      0%           52%         2
 Wereblood                Tmut           0%           52%         2
 Spider Form              Tmut/Pois      0%           77%         3
 Stone Arrow              Conj/Erth      0%           77%         3
 Teleport Other           Tloc           0%           77%         3
 Ice Form                 Ice/Tmut       0%           99%         4
 Passage of Golubria      Tloc           N/A          99%         4
 Petrify                  Tmut/Erth      0%           99%         4
 Blade Hands              Tmut           0%           100%        5
 Lee's Rapid Deconstruct  Erth           0%           100%        5


Dungeon Overview and Level Annotations

Branches:
Dungeon (14/15)            Temple (1/1) D:5            Lair (0/6) D:9
    Orc (1/2) D:10         Vaults (0/5) D:14          Sewer (visited)
Ossuary (visited)

Altars:
Ashenzari
Cheibriados
Dithmenos
Elyvilon
Fedhas
Gozag
Hepliaklqana
Kikubaaqudgha
Makhleb
Nemelex Xobeh
Okawaru
Qazlal
Ru
Sif Muna
Trog
Uskayaw
Vehumet
Wu Jian
Xom
Yredelemnul
Zin
The Shining One

Shops:
D:4 :(   D:7 }   D:13 *

Portals:
Trove: D:10 (give +6 demon blade)

Annotations:
D:14 Rupert, Urug


Innate Abilities, Weirdness & Mutations

You can walk through water.
Your dull iron-grey scales are very hard. (AC +13)
You cannot fit into any form of body armour.
You can survive without breathing.
You are cold-blooded and may be slowed by cold attacks.


Message History

The vampire mosquito draws strength from your injuries!
The vampire mosquito bites you but does no damage. x2
The ogre hits you with a +0 giant club!
* * * LOW HITPOINT WARNING * * *
You hear a bellow!
The vampire mosquito bites you.
* * * LOW HITPOINT WARNING * * *
The vampire mosquito draws strength from your injuries!
The vampire mosquito bites you but does no damage. x2
The vampire mosquito bites you!
* * * LOW HITPOINT WARNING * * *
The vampire mosquito draws strength from your injuries!
The big kobold is struck by lightning.
You kill the big kobold!
Qazlal accepts your kill.
You hear a bellow!
You hear a shout! x2; You hear a horrible gurgling sound!
The vampire mosquito completely misses you.
The vampire mosquito bites you but does no damage. x2
Rupert hits you with a +5 vorpal executioner's axe!
You die...

...............
...............#
...............#
...............#
...............#
###............#
#.§○§........#
#.Kyy##......#
#Kp@@##......#
.p'.☼yO........#
Y.#...°§.......#
.##............#
#..........^.#
#....##......#
..
#....##......#
....
#.<..........#
.#u#####
#............#


You could see Rupert, a yak, 2 humans, 3 vampire mosquitoes, an ogre and 2
kobolds.

Vanquished Creatures
  Gastronok (D:8)
  Harold (D:6)
  A boulder beetle (D:13)
  2 hydras
  A centaur warrior (D:13)
  A catoblepas (D:11)
  2 two-headed ogres (D:13)
  An unseen horror (D:12)
  Pikel (D:4)
  2 cyclopes
  3 ugly things
  Maurice (D:7)
  Maggie (D:7)
  3 centaur skeletons
  A komodo dragon (D:9)
  3 kobold demonologists
  2 efreet (D:13)
  2 trolls
  A hornet (D:11)
  Prince Ribbit (D:8)
  Grinder (D:5)
  2 meliai zombies
  2 shadows
  A wraith (D:13)
  10 yaks
  3 wyverns
  4 humans
  Eustachio (D:5)
  A steam dragon (D:13)
  9 vampire mosquitoes
  Menkaure (D:7)
  A warg (D:10)
  5 orc warriors
  An eye of draining (D:14)
  3 phantoms
  3 ice beasts
  A black bear (D:8)
  A necrophage (D:7)
  10 ogres
  3 lemures (D:4)
  A big kobold (D:14)
  Blork the orc (D:4)
  9 bullfrogs
  A water moccasin zombie (D:6)
  A wyvern skeleton (D:14)
  A water moccasin skeleton (D:4)
  3 killer bees (D:8)
  3 scorpions
  18 wights
  3 electric eels (D:8)
  4 centaur zombies
  3 bullfrog zombies
  4 hounds
  6 jellies
  4 orc priests
  4 bullfrog skeletons
  5 iguanas
  7 orc wizards
  9 worker ants
  A killer bee zombie (D:6)
  A big kobold zombie (Ossuary)
  2 hound zombies (D:6)
  A hound skeleton (D:6)
  8 mummies (Ossuary)
  7 gnolls
  2 worker ant zombies
  2 howler monkey skeletons
  9 adders
  2 river rats (D:5)
  4 shadow imps
  2 white imps
  3 ufetubi
  2 oozes
  An adder zombie (D:6)
  2 worms
  7 leopard geckos
  33 orcs
  7 ball pythons
  9 giant cockroaches
  5 goblins
  A hobgoblin (D:2)
  8 jackals
  12 kobolds
  6 quokkas
  7 bats
  10 frilled lizards
  A giant cockroach zombie (D:5)
  A gnoll zombie (Ossuary)
  4 hobgoblin zombies (Ossuary)
  A kobold zombie (Ossuary)
  An orc zombie (Ossuary)
  A quokka skeleton (D:7)
  10 rats
  2 rat zombies (D:7)
356 creatures vanquished.

Vanquished Creatures (collateral kills)
  A harpy (D:14)
  2 humans (D:14)
3 creatures vanquished.

Vanquished Creatures (others)
  25 plants
25 creatures vanquished.

Grand Total: 384 creatures vanquished

Notes
Turn   | Place    | Note
-------+----------+-------------------------------------------
     0 | D:1      | Zeld the Draconian Gladiator began the quest for the Orb.
     0 | D:1      | Reached XP level 1. HP: 17/17 MP: 1/1
   439 | D:1      | Reached XP level 2. HP: 25/25 MP: 2/2
  1084 | D:2      | Reached XP level 3. HP: 21/30 MP: 3/3
  1393 | D:2      | Reached XP level 4. HP: 15/37 MP: 4/4
  1992 | D:3      | Found a basalt altar of Yredelemnul.
  2544 | D:3      | Reached skill level 4 in Maces & Flails
  2552 | D:3      | Reached XP level 5. HP: 40/45 MP: 5/5
  3154 | D:4      | Found Wacav's Magic Scroll Shop.
  3182 | D:3      | HP: 2/45 [orc/+0 dagger (5)]
  3939 | D:4      | Bought a scroll of enchant weapon for 90 gold pieces
  3939 | D:4      | Bought a scroll of identify for 24 gold pieces
  4234 | D:4      | Found Iwyusch's Book Shop.
  4474 | D:4      | Found Ceutsuic's Antique Weapon Shoppe.
  4619 | D:4      | Noticed Blork the orc
  4625 | D:4      | Noticed Pikel
  4625 | D:4      | Noticed a lemure
  4625 | D:4      | Noticed a lemure
  4636 | D:4      | Killed Blork the orc
  4637 | D:4      | Reached XP level 6. HP: 32/51 MP: 6/6
  5744 | D:4      | Killed Pikel
  5745 | D:4      | Reached skill level 5 in Maces & Flails
  5745 | D:4      | Your scales start taking on a dull iron-grey colour.
  5745 | D:4      | Reached XP level 7. HP: 37/59 MP: 7/7
  5745 | D:4      | Gained mutation: You can survive without breathing. [Grey
                  | Draconian growth]
  6079 | D:4      | Bought a scroll of identify for 24 gold pieces
  6079 | D:4      | Bought a scroll of teleportation for 36 gold pieces
  6136 | D:5      | Entered Level 5 of the Dungeon
  6136 | D:5      | Found a staircase to the Ecumenical Temple.
  6145 | Temple   | Entered the Ecumenical Temple
  6153 | Temple   | Became a worshipper of Qazlal Stormbringer
  6237 | D:5      | Reached skill level 5 in Throwing
  6269 | D:5      | Found a glowing drain.
  6273 | Sewer    | Entered a sewer
  6388 | Sewer    | Reached skill level 6 in Maces & Flails
  6404 | Sewer    | Reached XP level 8. HP: 58/67 MP: 8/8
  6538 | D:5      | Noticed Grinder
  6540 | D:5      | Paralysed by Grinder for 7 turns
  6559 | D:5      | Killed Grinder
  6897 | D:5      | Reached skill level 5 in Fighting
  6897 | D:5      | Found an ancient bone altar of Kikubaaqudgha.
  7001 | D:5      | Reached * piety under Qazlal
  7046 | D:5      | Noticed Eustachio
  7079 | D:5      | Killed Eustachio
  7080 | D:5      | Reached skill level 7 in Maces & Flails
  7281 | D:4      | Bought a scroll of identify for 24 gold pieces
  7281 | D:4      | Bought a scroll of teleportation for 36 gold pieces
  7431 | D:6      | Reached skill level 5 in Dodging
  7512 | D:6      | Reached XP level 9. HP: 61/74 MP: 9/9
  8181 | D:6      | Reached ** piety under Qazlal
  8182 | D:6      | Reached skill level 8 in Maces & Flails
  8569 | D:7      | Found Begub's Gadget Emporium.
  8673 | D:7      | Found a sand-covered staircase.
  8718 | Ossuary  | Entered an ossuary
  9096 | D:7      | Noticed Harold
  9120 | D:6      | Killed Harold
  9405 | D:4      | Bought a scroll of remove curse for 36 gold pieces
  9405 | D:4      | Bought a scroll of enchant weapon for 90 gold pieces
  9405 | D:4      | Bought a scroll of teleportation for 36 gold pieces
  9405 | D:4      | Bought a scroll of teleportation for 36 gold pieces
  9583 | D:7      | Found a white marble altar of Elyvilon.
  9618 | D:7      | Noticed Menkaure
  9618 | D:7      | Noticed Maggie
  9626 | D:7      | Killed Menkaure
  9627 | D:7      | Reached XP level 10. HP: 33/84 MP: 10/10
  9640 | D:7      | Killed Maggie
  9641 | D:7      | Reached skill level 9 in Maces & Flails
 10046 | D:7      | Found a hide-covered altar of Uskayaw.
 10165 | D:7      | Reached *** piety under Qazlal
 10467 | D:8      | Noticed an eight-headed hydra
 10474 | D:8      | Killed an eight-headed hydra
 10625 | D:8      | Noticed Gastronok
 11006 | D:8      | Killed Gastronok
 11007 | D:8      | Reached skill level 10 in Maces & Flails
 11067 | D:8      | Noticed Maurice
 11516 | D:7      | Killed Maurice
 11554 | D:8      | Noticed Prince Ribbit
 11563 | D:8      | Killed Prince Ribbit
 11578 | D:8      | Found a hazy altar of Hepliaklqana.
 11578 | D:8      | Found a glowing silver altar of Zin.
 11636 | D:8      | Reached XP level 11. HP: 94/94 MP: 11/11
 12736 | D:7      | Bought a wand of acid (6) for 240 gold pieces
 13226 | D:9      | Found a staircase to the Lair.
 13911 | D:9      | Found an ornate altar of the Wu Jian Council.
 14153 | D:10     | Entered Level 10 of the Dungeon
 14280 | D:10     | Found a staircase to the Orcish Mines.
 14532 | D:10     | Learned a level 2 spell: Blink
 14536 | D:10     | Learned a level 3 spell: Gell's Gravitas
 14540 | D:10     | Learned a level 3 spell: Lesser Beckoning
 14800 | D:10     | Found a portal to a secret trove of treasure.
 15303 | Orc:1    | Entered Level 1 of the Orcish Mines
 15776 | D:11     | Noticed a catoblepas
 15787 | D:11     | Killed a catoblepas
 15892 | D:11     | Found a sparkling altar of Nemelex Xobeh.
 15969 | D:11     | Noticed a six-headed hydra
 15981 | D:11     | Killed a six-headed hydra
 15981 | D:11     | Reached **** piety under Qazlal
 15982 | D:11     | Reached skill level 11 in Maces & Flails
 15982 | D:11     | Reached skill level 10 in Throwing
 16311 | D:11     | Noticed a green ugly thing
 16320 | D:11     | Killed a green ugly thing
 16738 | D:11     | Noticed a cyan ugly thing
 16747 | D:11     | Killed a cyan ugly thing
 17369 | D:12     | Found a sparkling altar of Nemelex Xobeh.
 17444 | D:12     | Reached XP level 12. HP: 75/104 MP: 12/12
 18753 | D:13     | Reached skill level 12 in Maces & Flails
 19370 | D:13     | Noticed a centaur warrior
 19679 | D:13     | Killed a centaur warrior
 19922 | D:13     | Noticed a two-headed ogre
 19930 | D:13     | Killed a two-headed ogre
 20244 | D:13     | Noticed a two-headed ogre
 20253 | D:13     | Killed a two-headed ogre
 20253 | D:13     | Reached ***** piety under Qazlal
 20368 | D:13     | Noticed a boulder beetle
 20441 | D:13     | Killed a boulder beetle
 20885 | D:13     | Found Jaocih's Assorted Antiques.
 20892 | D:13     | Bought 3 lumpy puce potions for 91 gold pieces
 20892 | D:13     | Bought a scroll of enchant weapon for 255 gold pieces
 20892 | D:13     | Bought a wand of polymorph (6) for 68 gold pieces
 21074 | D:14     | Found a gate to the Vaults.
 21074 | D:14     | Noticed Rupert
 21074 | D:14     | Noticed Urug
 21074 | D:14     | Noticed a centaur warrior
 21084 | D:14     | Reached skill level 10 in Fighting
 21865 | D:14     | Paralysed by Rupert for 6 turns
 21869 | D:14     | HP: 5/106 [vampire mosquito (11)]
 21870 | D:14     | Mangled by Rupert

Illustrated notes

Levels and vault maps discovered:
D:1:      lemuel_arrival_tunnels, layout_basic
D:2:      layout_basic
D:3:      layout_loops_ring, overflow_temple_1_default, serial_aquarium,
          aquarium_bridge_island_small [aquarium_subvault_small_open,
          aquarium_subvault_window, aquarium_subvault_wall,
          aquarium_subvault_bridge, aquarium_subvault_wall],
          aquarium_window_double, aquarium_window_fake, aquarium_window_fake,
          aquarium_view_2b, aquarium_view_2e
D:4:      layout_basic, serial_shops, nicolae_shop_crystal,
          nicolae_shop_temple_entry_statues_fountains, shop_fountains,
          hangedman_abyss_or_decor_jellyfish_corner, uniq_blork_the_orc,
          uniq_pikel
D:5:      layout_cave_pools, overflow_temple_1_default,
          minmay_temple_entry_mini_moons, gup_sewer_entry_spiral,
          uniq_eustachio, uniq_grinder
D:6:      layout_loops_corners, serial_undead, serial_undead_d, serial_undead_a,
          serial_undead_b, serial_undead_b, serial_undead_b, serial_undead_e
D:7:      layout_rooms, kennysheep_mini_moat, enter_ossuary_4, serial_shops,
          shop, elyvilon_altar_4, uniq_harold, uniq_menkaure, uniq_maggie
D:8:      layout_rooms, gammafunk_temple_overflow_pools, serial_bayou,
          serial_bayou_ford_a, serial_bayou_shore_b, serial_bayou_crossing,
          serial_bayou_shore_b, minmay_small_thing, uniq_gastronok,
          uniq_maurice, uniq_prince_ribbit1
D:9:      layout_irregular_city, nzn_wu_jian_council_hall, david_lair_shrubbed
D:10:     layout_basic, orc_0_dummy, nicolae_trove_entry_columns
D:11:     layout_roguey, basic_altar
D:12:     layout_cross, nemelex_altar_shiori
D:13:     layout_grid_maze, serial_shops, shop, chequers_serial_rivers_micro_d
D:14:     layout_gridville, david_vaults_3, serial_shops,
          nicolae_shop_behind_doors, minmay_tree_intersection
Temple:   nicolae_temple_x_marks_the_god
Orc:1:    layout_diamond_mine

Skill      XL: |  1  2  3  4  5  6  7  8  9 10 11 12 |
---------------+-------------------------------------+-----
Throwing       | 2 3 4 5 6 7 9 10 11 | 11.7
Dodging        | 3 4 5 6 7 8 |  8.7
Fighting       | 3 4 5 6 7 9 10 | 10.1
Maces & Flails | 4 5 6 7 8 10 11 12 | 12.7

Action                   |  1- 3 |  4- 6 |  7- 9 | 10-12 || total
-------------------------+-------+-------+-------+-------++-------
Melee: Flail             |    78 |   177 |       |       ||   255
       Tailslap          |     4 |    13 |    51 |   151 ||   219
       Whip              |       |       |   369 |   772 ||  1141
Throw: Throwing net      |       |     2 |       |     9 ||    11
Evoke: Wand              |       |       |       |    15 ||    15
       Box of beasts     |       |       |       |     1 ||     1
       Condenser vane    |       |       |       |     1 ||     1
  Use: Scroll            |       |     8 |     8 |    18 ||    34
       Potion            |       |       |     1 |       ||     1
 Stab: Sleeping          |       |     1 |       |       ||     1
       Held in net/web   |       |     1 |       |     9 ||    10
Armor: Skin              |    41 |    56 |    96 |   227 ||   420
Dodge: Dodged            |    81 |   144 |   238 |   398 ||   861
       Repelled          |       |       |       |     1 ||     1
Block: Other             |       |       |    18 |   128 ||   146
